 Dungeon Crawl Stone Soup version 0.26.1-11-gd32895ea62 (webtiles) character file.

Game seed: 8547034325831148389

167912 Almogavar the Warrior (level 17, -3/171 HPs)
             Began as a Minotaur Berserker on Apr 25, 2021.
             Was a High Priest of Trog.
             Slain by a thorn hunter (16 damage)
             ... on level 4 of the Swamp on Apr 26, 2021.
             The game lasted 01:36:52 (36853 turns).

Almogavar the Warrior (Minotaur Berserker)         Turns: 36853, Time: 01:36:54

Health: -3/171     AC: 31    Str: 28    XL:     17   Next: 7%
Magic:  14/14      EV: 21    Int:  4    God:    Trog [*****.]
Gold:   3464       SH:  0    Dex: 15    Spells: 16/16 levels left

rFire    + . .     SeeInvis .   O - +2 triple sword (flame)
rCold    . . .     Faith    .   (shield currently unavailable)
rNeg     + . .     Spirit   .   K - +3 plate armour {rF+}
rPois    .         Reflect  .   (helmet restricted)
rElec    .         Harm     .   F - +1 cloak
rCorr    .         Rampage  .   M - +2 pair of gloves {archery}
Will     +....                  w - +2 pair of boots
Stlth    ..........             x - amulet "Agheb" {RegenMP Str+2 Dex+4 Stlth+}
HPRegen  0.38/turn              W - +4 ring of evasion
MPRegen  0.39/turn              J - ring of Koillywk {rN+ EV+4}

@: berserk cooldown, slowed, very slow
A: retaliatory headbutt, horns 2, low mp 1, weak 1, no potion heal 1
}: 1/15 runes: decaying
a: Renounce Religion, Berserk, Trog's Hand, Brothers in Arms


You were on level 4 of the Swamp.
You worshipped Trog.
Trog was extremely pleased with you.
You visited 4 branches of the dungeon, and saw 27 of its levels.
You also visited: Gauntlet and Volcano.

You collected 3561 gold pieces.
You spent 97 gold pieces at shops.

Inventory:

Hand Weapons
 k - a +4 hunting sling of flaming
 t - a +3 antimagic scimitar
 O - a +2 triple sword of flaming (weapon)
 Q - a +0 great sword
Missiles
 e - 218 sling bullets
 g - 566 stones
Armour
 w - a +2 pair of boots (worn)
 F - a +1 cloak (worn)
 K - a +3 plate armour of fire resistance (worn)
 M - a +2 pair of gloves of archery (worn)
 Z - a +0 buckler of protection
Jewellery
 f - an uncursed ring of ice
 o - an uncursed ring of resist corrosion
 r - an uncursed ring of positive energy
 s - an uncursed ring of see invisible
 x - the amulet "Agheb" (around neck) {RegenMP Str+2 Dex+4 Stlth+}
   (You found it in a Gauntlet)

   [amulet of magic regeneration]

   It increases your magic regeneration.
   It affects your strength (+2).
   It affects your dexterity (+4).
   It makes you more stealthy.
 B - a +4 ring of protection
 D - an uncursed amulet of guardian spirit
 H - an uncursed ring of flight
 J - the ring of Koillywk (right hand) {rN+ EV+4}
   (You found it in a Gauntlet)

   [ring of evasion]

   It affects your evasion (+4).
   It protects you from negative energy.
 P - an uncursed ring of willpower
 W - a +4 ring of evasion (left hand)
Wands
 c - a wand of iceblast (20)
 j - a wand of flame (108)
 N - a wand of digging (9)
Scrolls
 h - 3 scrolls of enchant armour
 l - 2 scrolls of holy word
 n - 2 scrolls of summoning
 p - 10 scrolls of remove curse
 u - 3 scrolls of fog
 y - 6 scrolls of teleportation
 z - 3 scrolls of fear
 C - 8 scrolls of identify
 E - 4 scrolls of blinking
 I - 6 scrolls of magic mapping
 L - 2 scrolls of brand weapon
Potions
 b - 16 potions of curing
 d - 7 potions of haste
 i - 10 potions of might
 m - a potion of ambrosia
 q - 5 potions of heal wounds
 v - 2 potions of resistance
 G - 3 potions of invisibility
 R - a potion of magic
 T - a potion of cancellation
Miscellaneous
 a - a phantom mirror
 A - a condenser vane
 U - a phantom mirror
 Y - a lightning rod (4/4)


   Skills:
 + Level 20.5 Fighting
 - Level 15.1 Long Blades
 - Level 12.2 Slings
 - Level 18.1 Armour
 + Level 7.7 Dodging
 + Level 3.6 Stealth
 * Level 6.1 Evocations


You had 16 spell levels left.
You didn't know any spells.
Your spell library was empty.

Dungeon Overview and Level Annotations

Branches:
Dungeon (15/15)            Temple (0/1) D:5            Lair (6/6) D:9
  Swamp (4/4) Lair:4       Spider (0/4) Lair:4        Slime (0/5) Lair:6
    Orc (2/2) D:9             Elf (0/3) Orc:2        Vaults (0/5) D:14
 Depths (0/5) D:15        Volcano (visited)         Gauntlet (visited)

Altars:
Ashenzari
Elyvilon
Gozag
Hepliaklqana
Kikubaaqudgha
Makhleb
Qazlal
Sif Muna
Uskayaw
Vehumet
Wu Jian
Xom
Yredelemnul
Zin
Beogh

Shops:
D:8 *   D:15 :   Orc:2 ??(*


Innate Abilities, Weirdness & Mutations

You reflexively headbutt those who attack you in melee.
You have a pair of horns on your head.
Your magical capacity is low. (-10% MP)
You are weak. (Str -2)
Potions are less effective at restoring your health.


Message History

The stone hits the thorn hunter but does no damage.
The thorn hunter is moderately damaged.
Your +4 hunting sling of flaming stops flaming.
Your +2 triple sword of flaming bursts into flame!
O - a +2 triple sword of flaming (weapon)
Unknown command.
You completely miss the thorn hunter.
The thorn hunter is moderately damaged.
The thorn hunter fires a volley of thorns at you.
The volley of thorns hits you!!
* * * LOW HITPOINT WARNING * * *
The thorn hunter hits you but does no damage. x2
You slice the thorn hunter!! You burn the thorn hunter!
Your headbutt misses the thorn hunter.
The thorn hunter is severely damaged.
Your skin stops crawling.
You feel less strong-willed.
You hear a deafening roar!
The thorn hunter fires a volley of thorns at you.
The volley of thorns misses you. The thorn hunter hits you!
You die...

♣.≈≈.♣ ♣♣ ###########
♣♣♣♣≈≈.≈ ...♣♣♣
##...≈♣≈(.≈♣# ♣♣.♣♣
§♣♣♣ ##≈.≈≈≈≈.≈§..#
♣♣♣ ♣♣♣
####≈..#♣.≈≈♣#≈.≈≈≈
..♣ ##.≈..≈.##).(##
)#. ..♣
#≈..#..##≈≈(≈.## ♣♣♣♣♣
#≈.##.≈#....≈≈≈#..#
..<≈♣
#...#.≈##.f≈.≈##≈.#
≈≈.♣♣
##..##.≈##@$.##.≈#
..≈♣ #..###.≈#####≈.#
♣♣♣♣ ##≈≈.###..♣♣♣.≈#
##≈..≈≈###.≈♣.≈#
#≈.....≈###≈≈≈#
##♣≈...## #≈.≈# #...##
#≈..# #♣♣♣♣
♣♣♣♣♣♣♣##### ♣♣≈≈.♣♣♣
♣≈.≈♣
≈≈♣♣..♣♣♣♣♣♣♣♣♣....†§♣
♣♣♣≈.≈♣


You could see a thorn hunter.

Vanquished Creatures
  Rupert (Lair:3)
  A sphinx (D:15)
  The ghost of mandor the Martial Artist, an adept DgTm (Swamp:2)
  A frost giant (D:15)
  The ghost of Coesor the Fighter, a journeyman MiBe of Trog (Lair:1)
  4 bunyips
  Azrael (D:12)
  A minotaur (Gauntlet)
  6 eleionomae
  A death ooze (Gauntlet)
  Josephine (D:13)
  Fannar (D:10)
  A fire dragon (D:15)
  4 vault guards (D:14)
  3 boulder beetles
  Harold (D:11)
  An ice dragon (D:15)
  24 hydras
  A ghost crab (Swamp:3)
  2 centaur warriors (D:14)
  14 alligators
  6 two-headed ogres
  An ogre mage (D:15)
  A death knight (D:15)
  2 tengu warriors
  4 orc high priests
  A dancing weapon (Swamp:2)
  Urug (D:11)
  2 spriggan berserkers (Swamp:4)
  A sixfirhy (D:7)
  3 skeletal warriors (D:14)
  5 goliath frogs
  An unseen horror (D:14)
  3 spriggan druids (Swamp:2)
  2 lindwurms (Volcano)
  4 swamp dragons
  An obsidian statue (Gauntlet)
  6 bog bodies
  3 orc sorcerers (Orc:2)
  10 orc knights
  A deep elf mage (D:15)
  2 wolf spiders
  2 cyclopes
  2 manticores (D:14)
  2 oklob plants (Lair:6)
  5 ugly things
  7 will-o-the-wisps
  7 black mambas
  Maurice (D:8)
  3 centaur zombies (D:15)
  5 elephants (Lair:6)
  A toenail golem (Volcano)
  3 molten gargoyles (Volcano)
  25 cane toads
  A torpor snail (Lair:5)
  2 gargoyles
  2 efreet (Volcano)
  7 komodo dragons
  2 rime drakes
  2 tengu conjurers
  A jumping spider (Lair:4)
  2 polar bears
  6 trolls
  3 hornets
  37 blink frogs
  3 slime creatures
  9 tyrant leeches
  Sigmund (D:4)
  18 flying skulls (D:14)
  4 shadows
  8 fire elementals
  A spriggan (shapeshifter) (D:15)
  4 spriggans
  8 basilisks
  42 yaks
  2 yaks (shapeshifter)
  A vampire (D:14)
  7 wraiths
  6 wyverns
  8 vampire mosquitoes
  Menkaure (D:4)
  Edmund (D:3)
  4 wargs
  14 swamp worms
  A soldier ant (D:13)
  7 water moccasins
  3 hell hounds (D:12)
  8 swamp drakes
  4 sky beasts
  An eye of draining (D:14)
  An ice beast (D:14)
  2 phantoms
  2 black bears
  A necrophage (D:11)
  28 orc warriors
  8 centaurs
  5 wolves (Lair:3)
  13 ogres
  A big kobold (D:7)
  Blork the orc (D:4)
  29 bullfrogs
  A wyvern zombie (D:13)
  2 earth elementals (Volcano)
  A wyvern skeleton (D:9)
  A water moccasin skeleton (D:7)
  6 scorpions
  2 troll zombies (D:9)
  15 wights
  3 electric eels
  4 howler monkeys
  2 bullfrog zombies
  9 hounds
  8 jellies
  A bullfrog skeleton (D:6)
  11 orc priests
  A quasit (D:7)
  15 orc wizards
  Jessica (D:3)
  3 centaur skeletons
  2 hell rats (Lair:2)
  5 iguanas
  5 worker ants
  6 ogre zombies (D:9)
  A killer bee zombie (D:7)
  A hound skeleton (D:4)
  A howler monkey zombie (D:9)
  A worker ant zombie (D:5)
  7 gnolls
  14 adders
  10 river rats (Lair:2)
  2 shadow imps
  3 white imps (D:5)
  An ufetubus (D:9)
  6 oozes (D:1)
  An adder zombie (D:6)
  An adder skeleton (D:5)
  2 worms (D:1)
  A dart slug (D:3)
  7 leopard geckos
  52 orcs
  10 giant cockroaches
  4 goblins
  7 hobgoblins
  8 jackals
  8 quokkas
  3 ball pythons
  5 bats
  5 frilled lizards
  3 goblin skeletons (D:9)
  A goblin zombie (D:9)
  A hobgoblin zombie (D:9)
  11 kobolds
  4 orc skeletons (D:9)
  16 orc zombies (D:9)
  A quokka skeleton (D:5)
  15 rats
833 creatures vanquished.

Vanquished Creatures (collateral kills)
  A deep troll earth mage (D:15)
  A swamp dragon (Swamp:4)
  A yak (Lair:6)
  A vampire mosquito (Lair:6)
  A water moccasin (Lair:6)
  A bullfrog (Lair:6)
6 creatures vanquished.

Vanquished Creatures (others)
  A fire giant (D:15)
  A quokka (D:9)
  A fire vortex (Volcano)
  21 foxfires
  30 fungi
  125 plants
179 creatures vanquished.

Grand Total: 1018 creatures vanquished

Notes
Turn   | Place    | Note
-------+----------+-------------------------------------------
     0 | D:1      | Almogavar the Minotaur Berserker began the quest for the
                  | Orb.
     0 | D:1      | Reached XP level 1. HP: 19/19 MP: 0/0
     0 | D:1      | Noticed a jelly
     1 | D:1      | Found a runed translucent door.
    12 | D:1      | Reached XP level 2. HP: 27/27 MP: 1/1
    14 | D:1      | Reached skill level 4 in Fighting
    18 | D:1      | Reached XP level 3. HP: 33/33 MP: 2/2
    28 | D:1      | Reached XP level 4. HP: 39/41 MP: 3/3
   322 | D:1      | Reached ** piety under Trog
   684 | D:1      | Reached skill level 5 in Long Blades
  1435 | D:2      | Reached skill level 5 in Fighting
  1711 | D:3      | Reached XP level 5. HP: 47/48 MP: 4/4
  1802 | D:3      | Reached *** piety under Trog
  2372 | D:3      | Noticed Jessica
  2377 | D:3      | Killed Jessica
  2711 | D:4      | Noticed Sigmund
  2711 | D:4      | Noticed Edmund
  2724 | D:3      | Killed Edmund
  2725 | D:3      | Reached XP level 6. HP: 56/56 MP: 5/5
  2779 | D:4      | Killed Sigmund
  2780 | D:4      | Reached skill level 1 in Slings
  2780 | D:4      | Reached XP level 7. HP: 61/61 MP: 6/6
  2978 | D:4      | Reached skill level 5 in Armour
  3166 | D:4      | Noticed Blork the orc
  3176 | D:4      | Killed Blork the orc
  3245 | D:4      | Reached skill level 6 in Fighting
  3612 | D:4      | Noticed Menkaure
  3618 | D:4      | Killed Menkaure
  3618 | D:4      | Reached **** piety under Trog
  3619 | D:4      | Reached skill level 1 in Stealth
  3619 | D:4      | Reached XP level 8. HP: 55/70 MP: 7/7
  3871 | D:5      | Entered Level 5 of the Dungeon
  3873 | D:5      | Found a staircase to the Ecumenical Temple.
  5270 | D:6      | Found a stormy altar of Qazlal.
  5277 | D:6      | Found a broken altar of Ashenzari.
  5283 | D:6      | Found an ornate altar of the Wu Jian Council.
  5290 | D:6      | Found an opulent altar of Gozag.
  5295 | D:6      | Found an ancient bone altar of Kikubaaqudgha.
  5303 | D:6      | Found a radiant altar of Vehumet.
  5308 | D:6      | Found a basalt altar of Yredelemnul.
  5924 | D:7      | Reached skill level 7 in Fighting
  6254 | D:7      | Reached XP level 9. HP: 75/79 MP: 8/8
  6256 | D:7      | Reached skill level 10 in Long Blades
  6367 | D:7      | Found a runed translucent door.
  6405 | D:7      | Noticed a sixfirhy
  6602 | D:7      | Found a hazy altar of Hepliaklqana.
  6680 | D:7      | Found a burning altar of Makhleb.
  6757 | D:7      | Noticed a two-headed ogre
  6768 | D:7      | Killed a two-headed ogre
  7032 | D:7      | Killed a sixfirhy
  7033 | D:7      | Reached skill level 8 in Fighting
  7181 | D:8      | Found Umuetoz's General Store.
  7279 | D:8      | Noticed Maurice
  7307 | D:8      | Killed Maurice
  7308 | D:8      | Reached skill level 5 in Dodging
  7308 | D:8      | Reached XP level 10. HP: 53/88 MP: 4/9
  8378 | D:9      | Reached skill level 10 in Armour
  8493 | D:9      | Reached ***** piety under Trog
  8612 | D:9      | Found a staircase to the Orcish Mines.
  8800 | D:9      | You fall into a shaft and drop 1 floor!
  8800 | D:10     | Entered Level 10 of the Dungeon
  8904 | D:10     | Paralysed by a hornet for 2 turns
  8912 | D:10     | Paralysed by a hornet for 1 turns
  8917 | D:10     | Paralysed by a hornet for 3 turns
  9000 | D:10     | Noticed Fannar
  9022 | D:10     | Killed Fannar
  9023 | D:10     | Reached skill level 9 in Fighting
  9434 | D:9      | Found a hide-covered altar of Uskayaw.
  9498 | D:9      | Found a white marble altar of Elyvilon.
  9510 | D:9      | Received a gift from Trog
  9536 | D:9      | Noticed a two-headed ogre
  9538 | D:9      | Reached XP level 11. HP: 97/97 MP: 8/10
  9545 | D:9      | Killed a two-headed ogre
  9906 | D:9      | Found a shimmering blue altar of Sif Muna.
  9909 | D:9      | Found a staircase to the Lair.
  9976 | D:9      | Noticed a balrug
  9977 | D:9      | Found a burning altar of Makhleb.
  9981 | D:9      | Found a glowing silver altar of Zin.
  9981 | D:9      | Noticed an angel
 10046 | Orc:1    | Entered Level 1 of the Orcish Mines
 10126 | Orc:1    | Found a roughly hewn altar of Beogh.
 10255 | Orc:1    | Found a dark tunnel.
 10275 | Volcano  | Entered a volcano
 10351 | Volcano  | Noticed a lindwurm
 10351 | Volcano  | Noticed a lindwurm
 11524 | Volcano  | Killed a lindwurm
 11529 | Volcano  | Killed a lindwurm
 11530 | Volcano  | Reached skill level 10 in Fighting
 11708 | Volcano  | Gained mutation: Potions are less effective at restoring
                  | your health. [mutagenic glow]
 11730 | Volcano  | Gained mutation: Your magical capacity is low. (-10% MP)
                  | [mutagenic glow]
 11740 | Volcano  | Gained mutation: You are weak. (Str -2) [mutagenic glow]
 12087 | Orc:2    | Entered Level 2 of the Orcish Mines
 12107 | Orc:2    | Found a staircase to the Elven Halls.
 12110 | Orc:2    | Found a gate leading to a gauntlet.
 12120 | Gauntlet | Entered a Gauntlet
 12120 | Gauntlet | Found a transporter.
 12130 | Gauntlet | Found a transporter.
 12130 | Gauntlet | Noticed an orb spider
 12130 | Gauntlet | a tarantella changed into an orb spider
 12132 | Gauntlet | Found a transporter.
 12133 | Gauntlet | Found a transporter.
 12136 | Gauntlet | Found a transporter.
 12137 | Gauntlet | Found a transporter.
 12139 | Gauntlet | Noticed a blizzard demon
 12149 | Gauntlet | Noticed a mana viper
 12149 | Gauntlet | a torpor snail changed into a mana viper
 12158 | Gauntlet | Noticed a death ooze
 12160 | Gauntlet | Found a transporter.
 12166 | Gauntlet | Found a large runed translucent door.
 12166 | Gauntlet | Found a large runed translucent door.
 12167 | Gauntlet | Found a large runed translucent door.
 12167 | Gauntlet | Found a large runed translucent door.
 12168 | Gauntlet | Found a large runed translucent door.
 12168 | Gauntlet | Found a large runed translucent door.
 12169 | Gauntlet | Found a runed translucent gate.
 12169 | Gauntlet | Found a runed translucent door.
 12170 | Gauntlet | Found a transporter.
 12170 | Gauntlet | Found a runed translucent gate.
 12172 | Gauntlet | Found a large runed translucent door.
 12173 | Gauntlet | Found a large runed translucent door.
 12174 | Gauntlet | Noticed a wretched star
 12183 | Gauntlet | Noticed a deep troll
 12183 | Gauntlet | a snapping turtle changed into a deep troll
 12184 | Gauntlet | Found a transporter.
 12184 | Gauntlet | Found a transporter.
 12184 | Gauntlet | a deep troll changed into a redback
 12186 | Gauntlet | Found a runed translucent door.
 12187 | Gauntlet | Found a large runed translucent door.
 12187 | Gauntlet | Found a large runed translucent door.
 12187 | Gauntlet | Found a large runed translucent door.
 12187 | Gauntlet | Noticed a shining eye
 12187 | Gauntlet | a merfolk changed into a shining eye
 12187 | Gauntlet | Noticed a glowing orange brain
 12187 | Gauntlet | a redback changed into a glowing orange brain
 12188 | Gauntlet | Found a large runed translucent door.
 12188 | Gauntlet | Noticed a wretched star
 12188 | Gauntlet | a glowing orange brain changed into a dream sheep
 12189 | Gauntlet | Found a large runed translucent door.
 12193 | Gauntlet | Noticed a deep troll
 12193 | Gauntlet | Noticed a shining eye
 12193 | Gauntlet | a deep troll changed into a shining eye
 12194 | Gauntlet | Found a transporter.
 12194 | Gauntlet | Noticed a two-headed ogre
 12194 | Gauntlet | a shining eye changed into a two-headed ogre
 12197 | Gauntlet | a shining eye changed into a floating eye
 12199 | Gauntlet | a two-headed ogre changed into a dream sheep
 12202 | Gauntlet | Noticed an orb spider
 12202 | Gauntlet | a raiju changed into an orb spider
 12203 | Gauntlet | Noticed a swamp dragon
 12203 | Gauntlet | a dream sheep changed into a swamp dragon
 12222 | Gauntlet | Found a large runed translucent door.
 12223 | Gauntlet | Found a large runed translucent door.
 12223 | Gauntlet | Found a large runed translucent door.
 12225 | Gauntlet | Found a runed translucent gate.
 12262 | Gauntlet | Found a transporter.
 12287 | Gauntlet | Noticed an obsidian statue
 12324 | Gauntlet | Killed an obsidian statue
 12329 | Gauntlet | Got a shimmering platinum amulet
 12340 | Gauntlet | Identified the amulet "Agheb" {RegenMP Str+2 Dex+4 Stlth+}
                  | (You found it in a Gauntlet)
 12376 | Gauntlet | Killed a death ooze
 12392 | Gauntlet | Got a slimy iron ring
 12394 | Gauntlet | Identified the ring of Koillywk {rN+ EV+4} (You found it in
                  | a Gauntlet)
 12452 | Gauntlet | Noticed a minotaur
 12464 | Gauntlet | Killed a minotaur
 12623 | Orc:2    | Noticed an orc knight
 12645 | Orc:2    | Killed an orc knight
 12646 | Orc:2    | Reached skill level 11 in Fighting
 12646 | Orc:2    | Reached XP level 12. HP: 89/110 MP: 9/9
 12940 | Orc:2    | Reached skill level 5 in Slings
 13307 | Orc:2    | Noticed an orc high priest
 13310 | Orc:2    | Noticed an orc high priest
 13326 | Orc:2    | Killed an orc high priest
 13333 | Orc:2    | Noticed an orc high priest
 13335 | Orc:2    | Killed an orc high priest
 13695 | Orc:2    | Killed an orc high priest
 13696 | Orc:2    | Reached skill level 12 in Fighting
 13796 | Orc:2    | Found Upsoskep's Magic Scroll Shop.
 13796 | Orc:2    | Found Ashreuge's Magic Scroll Emporium.
 13798 | Orc:2    | Found Biku Dinn's Assorted Antiques.
 13798 | Orc:2    | Found Repp's Antique Weapon Emporium.
 13809 | Orc:2    | Bought a scroll of blinking for 97 gold pieces
 14055 | Orc:1    | Reached skill level 15 in Long Blades
 14058 | Orc:1    | Noticed an orc high priest
 14076 | Orc:1    | Killed an orc high priest
 14577 | Lair:1   | Entered Level 1 of the Lair of Beasts
 14777 | Lair:1   | Noticed Coesor's ghost (journeyman MiBe)
 14780 | Lair:1   | Found a runed translucent door.
 14957 | Lair:1   | Noticed a five-headed hydra
 14965 | Lair:1   | Killed a one-headed hydra
 15122 | Lair:1   | Noticed a seven-headed hydra
 15127 | Lair:1   | Killed a five-headed hydra
 15254 | Lair:1   | Reached XP level 13. HP: 108/119 MP: 10/10
 15698 | Lair:1   | Killed Coesor's ghost
 15888 | Lair:2   | Reached skill level 13 in Fighting
 16413 | Lair:2   | Reached skill level 15 in Armour
 17197 | Lair:2   | Received a gift from Trog
 17595 | Lair:3   | Reached skill level 14 in Fighting
 17607 | Lair:3   | Found a white marble altar of Elyvilon.
 17687 | Lair:3   | Noticed Rupert
 17704 | Lair:3   | Killed Rupert
 19215 | Lair:4   | Found a hole to the Spider Nest.
 19227 | Lair:4   | Reached XP level 14. HP: 96/133 MP: 11/11
 19239 | Lair:4   | Reached skill level 15 in Fighting
 19744 | Lair:4   | Found a staircase to the Swamp.
 20101 | Lair:5   | Received a gift from Trog
 21193 | Lair:6   | Entered Level 6 of the Lair of Beasts
 21338 | Lair:6   | Reached ****** piety under Trog
 21357 | Lair:6   | Reached skill level 16 in Fighting
 21358 | Lair:6   | Received a gift from Trog
 22586 | Lair:6   | Found a staircase to the Slime Pits.
 23873 | D:11     | Noticed Harold
 23896 | D:11     | Killed Harold
 23993 | D:11     | Found a burning altar of Makhleb.
 24221 | D:11     | Noticed Urug
 24232 | D:11     | Killed Urug
 24788 | D:12     | Noticed Azrael
 24803 | D:12     | Killed Azrael
 25343 | D:12     | Received a gift from Trog
 25370 | D:12     | Reached XP level 15. HP: 146/146 MP: 12/12
 25878 | D:13     | Noticed Josephine
 25884 | D:13     | Killed Josephine
 25885 | D:13     | Reached skill level 17 in Fighting
 27262 | D:14     | Received a gift from Trog
 27428 | D:14     | Found the +3 giant club "Skullcrusher" {speed, Str+7}
 27728 | D:14     | Found a gate to the Vaults.
 27748 | D:14     | Reached skill level 18 in Fighting
 28134 | D:15     | Entered Level 15 of the Dungeon
 28134 | D:15     | Noticed a fire giant
 28139 | D:15     | Noticed a frost giant
 28154 | D:15     | Noticed a sphinx
 28166 | D:15     | Paralysed by a sphinx for 7 turns
 28177 | D:15     | Killed a sphinx
 28178 | D:15     | Reached skill level 1 in Evocations
 28819 | D:15     | Found a staircase to the Depths.
 28872 | D:15     | Killed a fire giant
 28880 | D:15     | Killed a frost giant
 29443 | D:15     | Found Veewn's Book Shoppe.
 29803 | D:15     | Received a gift from Trog
 29804 | D:15     | Reached skill level 19 in Fighting
 30048 | D:15     | Reached XP level 16. HP: 140/160 MP: 13/13
 30545 | Swamp:1  | Entered Level 1 of the Swamp
 30924 | Swamp:1  | You fall into a shaft and drop 1 floor!
 31625 | Swamp:2  | Found a runed translucent door.
 31627 | Swamp:2  | Found a shimmering altar of Xom.
 31627 | Swamp:2  | Noticed mandor's ghost (adept DgTm)
 32324 | Swamp:2  | Killed mandor's ghost
 32325 | Swamp:2  | Reached skill level 10 in Slings
 32674 | Swamp:2  | Identified the Disquisition on Contamination and
                  | Transmutation
 34455 | Swamp:3  | Reached skill level 5 in Evocations
 35007 | Swamp:4  | Entered Level 4 of the Swamp
 35048 | Swamp:4  | Reached skill level 20 in Fighting
 35674 | Swamp:4  | Received a gift from Trog
 35933 | Swamp:4  | HP: 5/163 [four-headed hydra (7)]
 36581 | Swamp:4  | Reached XP level 17. HP: 171/171 MP: 14/14
 36712 | Swamp:4  | Got a decaying rune of Zot
 36853 | Swamp:4  | Slain by a thorn hunter

Illustrated notes

Levels and vault maps discovered:
D:1:      dpeg_arrival_caged_fury, layout_basic
D:2:      layout_rooms, mrwooster_statue_mirror, grunt_ministairs_14
D:3:      layout_basic, uniq_jessica
D:4:      layout_gridville, minmay_fountain_box, kennysheep_generic_room_3,
          uniq_menkaure, uniq_sigmund, uniq_edmund, uniq_blork_the_orc
D:5:      minmay_diamond_boxcup, layout_rooms, minmay_temple_entry_junction
D:6:      layout_layer_cave, grunt_temple_overflow_octagram
D:7:      cheibrodos_shockbox, layout_loops_cross, nzn_hepliaklqana_mist_gate,
          basic_altar
D:8:      layout_cave_pools, serial_shops, shop, uniq_maurice
D:9:      layout_basic, grunt_temple_overflow_order_and_chaos_2,
          elyvilon_altar_4, overflow_temple_1_default, general_overflow_altar,
          zombieorc2_lemuel
D:10:     layout_big_octagon, uniq_fannar
D:11:     layout_loops_corners, basic_altar, uniq_urug, uniq_harold
D:12:     layout_stronghold, serial_bayou_pond_c, uniq_azrael
D:13:     layout_loops_ring, uniq_josephine
D:14:     layout_gridville, lightli_vaults_fourway_checkpoint,
          serial_bayou_pond_d, minmay_guarded_unrand_skullcrusher
D:15:     grunt_enter_depths_hoard, layout_cave_pods, serial_shops, shop_statue,
          hangedman_abyss_or_decor_lesser_grid, minmay_diamond_spiral
Lair:1:   layout_regular_city, hellmonk_ghost_happy_afterlife,
          lemuel_fruit_tree, infiniplex_staircase_pool_2
Lair:2:   layout_roguey, kennysheep_rathole, serial_bayou_shore_b
Lair:3:   layout_cave_pods, basic_altar, grunt_megastairs_1, uniq_rupert
Lair:4:   wander_river, layout_cave_pods, nicolae_swamp_entry_splash_gauntlet,
          spider_nest_entry_funnel_web, infiniplex_staircase_pool
Lair:5:   layout_small_grid, lemuel_fruit_fields
Lair:6:   minmay_lair_end_frog_pond, layout_cave_pods,
          minmay_slime_entry_oklob_enclosed
Swamp:1:  layout_falls_marsh, evilmike_swamp_ruin_house_3
Swamp:2:  layout_basic_swamp, ebering_ghost_xom,
          nicolae_swamp_orc_logging_accident, swamp_pool2
Swamp:3:  cheibrodos_swamp_heart_of_darkness, layout_basic_swamp,
          nicolae_swamp_little_tower
Swamp:4:  swamp_basic_johnstein, layout_basic_swamp, swamp_pool2
Orc:1:    layout_diamond_mine, lightli_volcano_entry_magma_tube, mines1_david
Orc:2:    grunt_orc_tribal_feast, layout_caves, gauntlet_entry_generic,
          nicolae_orc_lava_room

Skill      XL: |  1  2  3  4  5  6  7  8  9 10 11 12 13 14 15 16 |
---------------+-------------------------------------------------+-----
Long Blades    | 4 5 6 8 9 11 12 14 15 | 15.1
Fighting       | 4 5 6 7 8 9 11 12 14 16 19 20 | 20.5
Armour         | 4 5 7 9 11 12 14 16 17 18 | 18.1
Dodging        | 3 4 5 6 7 |  7.7
Slings         | 1 2 3 4 6 7 8 9 12 | 12.2
Stealth        | 1 2 3 |  3.6
Evocations     | 3 6 |  6.1

Action                   |  1- 3 |  4- 6 |  7- 9 | 10-12 | 13-15 | 16-18 || total
-------------------------+-------+-------+-------+-------+-------+-------++-------
Melee: Falchion          |    19 |   131 |   278 |   374 |       |       ||   802
       Headbutt          |     4 |    22 |    60 |   181 |   268 |    76 ||   611
       Scimitar          |       |       |       |   274 |   154 |    20 ||   448
       Triple sword      |       |       |       |       |   708 |   196 ||   904
 Fire: Hunting sling     |       |     7 |       |    34 |   126 |   330 ||   497
Invok: Berserk           |     1 |     3 |     6 |    15 |     8 |     3 ||    36
       Trog's Hand       |       |       |       |     8 |     6 |     2 ||    16
       Brothers in Arms  |       |       |       |       |     2 |     2 ||     4
Evoke: Wand              |       |       |       |       |       |     3 ||     3
  Use: Scroll            |       |     6 |    10 |    10 |    12 |     2 ||    40
       Potion            |       |       |       |     2 |       |     2 ||     4
Armor: Animal skin       |     2 |     2 |       |       |       |       ||     4
       Ring mail         |       |    40 |    11 |       |       |       ||    51
       Chain mail        |       |       |   117 |   197 |       |       ||   314
       Plate armour      |       |       |       |    91 |   657 |   223 ||   971
Dodge: Dodged            |    21 |    88 |   146 |   311 |   800 |   278 ||  1644
       Rpst.: Falchion   |     2 |    24 |    36 |    42 |       |       ||   104
       Scimitar          |       |       |       |    42 |    21 |     5 ||    68
       Triple sword      |       |       |       |       |   163 |    39 ||   202
